cohdb
Replays
Latest Replays
All Replays
Popular Replays
Top Player Replays
Match Explorer
How It Works
Community
CoH3 Stats
Reddit
Sign in to upload your games and track your stats! →
Sign in with Steam
Match 38118622
Unlisted
Match 38118622
Overview
Messages
Build Orders
End
Construct Infanterie Kompanie
MG 42 Machine Gun Team
Selects Mechanized Battlegroup
MG 42 Machine Gun Team
MG 42 Machine Gun Team
GrW 34 Mortar Team
MG 42 Bunker
GrW 34 Mortar Team
Construct Panzergrenadier Kompanie
251 Medium Carrier
Selects Mobile Repair Stations
Pioneer Squad
Infanterie Officer Quarters
Pioneer Squad
Panzergrenadier Squad
MG 42 Bunker
Selects Wespe Self-propelled Artillery
Wespe Self-propelled Artillery
Panzergrenadier Officer Quarters
MG 42 Machine Gun Team
【QYZB】颜王爷
CardDie
狂歌
小辛
Silac
Lucifi
Exf
Gravey
0
0
Comments
sign in to comment!
No comments posted yet!